Map: Lightshade LE

Players

Lambo - Winner!

  • Race: Zerg Zerg
  • League: Grandmaster
  • Spawn Location: 11:00

AGOElazer (Elazer)

  • Race: Zerg Zerg
  • League: Grandmaster
  • Spawn Location: 5:00

VOD

Have the link to the VOD?

Description

Time

  • Played on: Jan. 22, 2021, 10:12 a.m.
  • Length: 4:05
Show
View Real Time Build Order
Export as new Build Order

Lambo Zerg - Winner!

Build Orders: 1 Base Baneling Bust, Pool Only, Zergling Baneling 

Get SALT Encoding   

  12  0:13  Extractor  
  11  0:19  Spawning Pool  
  10  0:24  Drone  
  11  0:29  Drone  
  13  0:35  Drone  
  13  0:46  Overlord  
  13  1:05  Zergling x4  
  13  1:07  Zergling x2  
  16  1:15  Metabolic Boost  
  16  1:18  Zergling x2  
  17  1:28  Zergling x2  
  18  1:34  Baneling Nest  
  18  1:39  Zergling x2  
  18  1:50  Zergling x2  
  19  1:59  Queen  
  21  2:03  Zergling x2  
  22  2:15  Overlord  
  22  2:17  Baneling  
  22  2:19  Baneling  
  21  2:40  Zergling x4  
  23  2:45  Baneling  
  23  2:46  Baneling x2  
  23  2:48  Zergling x2  
  24  3:01  Zergling x2  
  23  3:08  Zergling x2  
  21  3:16  Zergling x2  
  21  3:24  Zergling x4  
  22  3:27  Zergling x2  
  22  3:32  Zergling x2  
  23  3:37  Baneling x4  
  23  3:43  Zergling x2  
Show
View Real Time Build Order
Export as new Build Order

AGOElazer Zerg 

Build Orders: Hatch First 

Get SALT Encoding   

  12  0:00  Drone  
  13  0:11  Overlord  
  13  0:16  Drone  
  14  0:29  Drone  
  14  0:30  Drone  
  16  0:46  Hatchery  
  15  0:50  Drone  
  15  0:53  Drone  
  15  0:56  Drone  
  18  1:07  Extractor  
  17  1:12  Spawning Pool  
  17  1:15  Drone  
  17  1:19  Drone  
  18  1:27  Drone  
  19  1:59  Zergling x8  
  23  2:06  Queen  
  27  2:09  Zergling x2  
  28  2:16  Spine Crawler  
  28  2:21  Zergling x2  
  27  2:34  Zergling x6  
  28  2:37  Baneling Nest  
  28  2:40  Zergling x2  
  28  2:41  Queen  
  25  2:45  Queen  
  27  2:55  Zergling x2  
  19  3:16  Drone x3  
  22  3:24  Drone  
  21  3:28  Drone  
  21  3:35  Baneling x2  
  21  3:39  Drone x2  
Tags
 
Add a new tag
Caveats
  • Supply blocks, unpowered buildings, or Contaminate may cause inaccurate times.
  • Supply counts are checked every 10 seconds.